 Dungeon Crawl Stone Soup version 0.29.1-2-gbd0b4ee654 (webtiles) character file.

Game seed: 13270410175474733379

17018 CryoSword the Grappler (level 12, -3/122 HPs)
             Began as a Troll Monk on Nov 8, 2022.
             Was a Priest of Kikubaaqudgha.
             Slain by a centaur warrior simulacrum (25 damage)
             ... on level 14 of the Dungeon.
             The game lasted 00:23:12 (9784 turns).

CryoSword the Grappler (Troll Monk)                 Turns: 9784, Time: 00:23:12

Health: -3/122     AC: 13    Str: 22    XL:     12   Next: 15%
Magic:  14/14      EV: 12    Int: 16    God:    Kikubaaqudgha [***...]
Gold:   671        SH:  0    Dex: 12    Spells: 3/15 levels left

rFire   . . .      SeeInvis .     - Unarmed
rCold   . . .      Faith    .   (no shield)
rNeg    + . .      Spirit   .   N - +1 steam dragon scales
rPois   .          Reflect  .   e - +2 hat
rElec   .          Harm     .   L - +2 cloak {rCorr}
rCorr   +          Rampage  .   (gloves unavailable)
Will    .....                   (boots unavailable)
Stlth   ++........              J - amulet of magic regeneration
HPRegen 1.10/turn               C - +6 ring of intelligence
MPRegen 0.54/turn               B - ring of positive energy

@: no status effects
A: large, unfitting armour, claws 3, regeneration 1, shaggy fur 1, tough skin 1
a: Renounce Religion, Unearth Wretches


You were on level 14 of the Dungeon.
You worshipped Kikubaaqudgha.
Kikubaaqudgha was most pleased with you.
You visited 2 branches of the dungeon, and saw 13 of its levels.
You also visited: Ossuary.

You collected 746 gold pieces.
You spent 75 gold pieces at shops.

Inventory:

Hand Weapons
 w - a +0 scimitar of flaming
   (You took it off Erica on level 9 of the Dungeon)
Missiles
 u - 33 poisoned darts
 x - 2 curare-tipped darts (quivered)
 H - 12 silver boomerangs
Armour
 e - a +2 hat (worn)
   (You found it on level 1 of the Dungeon)
 L - a +2 cloak of preservation (worn)
   (You took it off Maurice on level 9 of the Dungeon)
 N - +1 steam dragon scales (worn)
   (You found it on level 9 of the Dungeon)
Jewellery
 B - a ring of positive energy (right claw)
   (You found it on level 6 of the Dungeon)
 C - a +6 ring of intelligence (left claw)
   (You found it on level 7 of the Dungeon)
 J - an amulet of magic regeneration (around neck)
   (You found it on level 8 of the Dungeon)
Wands
 a - a wand of flame (10)
   (You took it off a wight on level 10 of the Dungeon)
 v - a wand of digging (7)
   (You found it on level 4 of the Dungeon)
 y - a wand of paralysis (16)
   (You took it off a goblin on level 4 of the Dungeon)
Scrolls
 d - 2 scrolls of magic mapping {unknown}
 f - 13 scrolls of teleportation {@r4}
 g - 2 scrolls of summoning {unknown}
 h - 3 scrolls of enchant armour
 j - 2 scrolls of fear
 n - 3 scrolls of amnesia {unknown}
 z - 7 scrolls of fog
 A - 2 scrolls of silence
 E - 2 scrolls of blinking {unknown}
 G - a scroll of poison {unknown}
 I - a scroll of torment {unknown}
Potions
 b - 3 potions of ambrosia
 c - 5 potions of might
 i - 2 potions of degeneration {unknown}
 k - 3 potions of magic {unknown}
 m - a potion of cancellation
 o - 4 potions of heal wounds {@q2}
 p - 2 potions of mutation {unknown}
 q - 4 potions of resistance
 s - 9 potions of curing {@q1}
 t - 2 potions of brilliance {unknown}
 D - 4 potions of flight
 F - a potion of attraction {unknown}
 K - a potion of lignification {unknown}


   Skills:
 + Level 8.3 Fighting
 + Level 2.7 Armour
 + Level 6.4 Dodging
 - Level 1.0 Stealth
 * Level 13.7 Unarmed Combat
 - Level 2.0 Spellcasting
 + Level 6.4 Necromancy


You had 3 spell levels left.
You knew the following spells:

 Your Spells              Type           Power      Damage    Failure   Level
a - Necrotise             Necr           88%        1d8       1%          1
b - Vampiric Draining     Necr           22%        2d7       4%          3
c - Dispel Undead         Necr           22%        3d12      14%         4
z - Animate Dead          Necr           22%        N/A       14%         4

Your spell library contained the following spells:

 Spells                   Type           Power      Damage    Failure   Level
 Magic Dart               Conj           4%         1d3       21%         1
 Shock                    Conj/Air       4%         1d3       21%         1
 Call Imp                 Summ           1%         N/A       30%         2
 Gell's Gravitas          Tloc           1%         N/A       52%         3
 Lesser Beckoning         Tloc           1%         N/A       52%         3
 Mephitic Cloud           Conj/Pois/Air  1%         N/A       52%         3
 Swiftness                Air            1%         N/A       52%         3
 Teleport Other           Tloc           1%         N/A       52%         3
 Agony                    Necr           22%        N/A       38%         5
 Anguish                  Hex/Necr       5%         N/A       50%         4
 Corpse Rot               Necr/Pois/Air  8%         N/A       65%         4
 Airstrike                Air            0%         2d(1-17)  90%         4
 Death Channel            Necr           11%        N/A       92%         6
 Simulacrum               Ice/Necr       5%         N/A       100%        6


Dungeon Overview and Level Annotations

Branches:
Dungeon (11/15)            Temple (1/1) D:4            Lair (0/5) D:8
    Orc (0/2) D:9         Ossuary (visited)

Altars:
Ashenzari
Cheibriados
Dithmenos
Elyvilon
Fedhas
Gozag
Hepliaklqana
Kikubaaqudgha
Makhleb
Nemelex Xobeh
Okawaru
Qazlal
Ru
Sif Muna
Trog
Uskayaw
Vehumet
Wu Jian
Xom
Yredelemnul
Zin
The Shining One

Shops:
D:1 =   D:9 [*

Annotations:
D:3 2 transporters, Avanven's ghost, weakling DgAM
D:7 3 runed translucent doors, itabs500's ghost, novice FeEE


Innate Abilities, Weirdness & Mutations

You are too large for most types of armour.
You have claws for hands.
Your natural rate of healing is unusually fast.
You are covered in fur. (AC +1)
You have tough skin. (AC +1)


Message History

You feel very sick.
The hornet stings you but does no damage.
Your yak zombie misses the hornet.
The hornet stings you.
You feel as though you will be slow longer.
The shadow completely misses you.
You mangle the hornet!!
You kill the hornet!
Kikubaaqudgha accepts your kill.
You feel very sick. The shadow hits you.
You feel very sick.
Your yak zombie closely misses the shadow.
The shadow slips into darkness.
The shadow flickers and vanishes!
Deactivating autopickup; reactivate with Ctrl-A.
The acid dragon barely misses your yak zombie.
The acid dragon claws your yak zombie.
You scratch something.
You feel sick.
The shadow strikes at you from the darkness!
* * * LOW HITPOINT WARNING * * *
Reactivating autopickup.
The acid dragon barely misses your yak zombie.
The acid dragon claws your yak zombie.
You claw the shadow! x2
You destroy the shadow!
Kikubaaqudgha accepts your kill.
You feel sick.
Your yak zombie gores the acid dragon!
The acid dragon bites your yak zombie. The acid dragon claws your yak zombie.
You feel sick.
Your yak zombie closely misses the acid dragon.
The acid dragon closely misses you.
The acid dragon claws you but does no damage.
Your yak zombie completely misses the acid dragon.
You mangle the acid dragon!!
You kill the acid dragon!
Kikubaaqudgha accepts your kill.
You feel sick.
You feel sick.
You see here an acid dragon corpse.
You swap places.
You feel yourself speed up.
You feel sick.
You are no longer poisoned.
You see here a hornet corpse.
The sentinel's mark upon you fades away.
Items here: ( ††††.
There is an open door here.
Could not explore, unopened door.
Could not explore, unopened door.
Could not explore, unopened door.
You open the door.
There is an open door here.
Found 4 stones.
Found a stone staircase leading down.
Found a radiant altar of Vehumet.
Found an escape hatch in the ceiling.
You swap places.
c - 5 potions of might (gained 1)
Found 8 stones.
Found 2 scrolls of noise.
You see here 8 stones.
Found a stone staircase leading down.
Found a scroll of noise.
You swap places.
You see here 2 stones.
You swap places.
You see here 2 stones.
Found 5 stones.
You now have 671 gold pieces (gained 11).
Found an escape hatch in the floor.
You swap places.
There is an escape hatch in the floor here.
Found a stone staircase leading down.
A sourceless malevolence fills the Dungeon...
You fall into a shaft and drop 3 floors!
The shaft crumbles and collapses.
Could not explore, unopened door.
Could not explore, unopened door.
You open the door.
Found a stone staircase leading up.
There is an open door here.
A centaur warrior comes into view.
The centaur warrior shouts!
The centaur warrior wields a +0 shortbow.
The centaur warrior shoots an arrow.
The arrow hits you but does no damage.
The centaur warrior shoots an arrow.
The arrow closely misses you.
The centaur warrior shoots an arrow.
The arrow hits you!
The centaur warrior shoots an arrow.
The arrow hits you!
The centaur warrior unwields a +0 shortbow.
The centaur warrior hits you.
The centaur warrior kicks you but does no damage.
The centaur warrior barely misses you.
The centaur warrior kicks you but does no damage.
Throw: 4 darts (curare)
Aim: a centaur warrior (69% to hit)
You throw a curare-tipped dart.
The curare-tipped dart barely misses the centaur warrior.
The centaur warrior hits you.
The centaur warrior kicks you but does no damage.
Throw: 3 darts (curare)
Aim: a centaur warrior (69% to hit)
You throw a curare-tipped dart.
The curare-tipped dart closely misses the centaur warrior.
The centaur warrior closely misses you.
The centaur warrior kicks you but does no damage.
The centaur warrior barely misses you. The centaur warrior kicks you.
You scratch the centaur warrior but do no damage.
The centaur warrior hits you but does no damage.
The centaur warrior closely misses you.
You closely miss the centaur warrior. The centaur warrior barely misses you.
The centaur warrior kicks you but does no damage.
You completely miss the centaur warrior.
A centaur warrior simulacrum comes into view.
The centaur warrior hits you.
The centaur warrior kicks you but does no damage.
You barely miss the centaur warrior. The centaur warrior hits you.
The centaur warrior kicks you but does no damage.
You mangle the centaur warrior!! The centaur warrior hits you!
The centaur warrior kicks you but does no damage.
You claw the centaur warrior! The centaur warrior hits you.
The centaur warrior kicks you but does no damage.
You closely miss the centaur warrior.
The centaur warrior hits you but does no damage.
The centaur warrior kicks you but does no damage.
You claw the centaur warrior!
The centaur warrior simulacrum completely misses you.
The centaur warrior simulacrum kicks you but does no damage.
The centaur warrior barely misses you.
The centaur warrior kicks you but does no damage.
You closely miss the centaur warrior. The centaur warrior barely misses you.
The centaur warrior kicks you.
The centaur warrior simulacrum misses you.
The centaur warrior simulacrum kicks you but does no damage.
You claw the centaur warrior!
You kill the centaur warrior!
Kikubaaqudgha accepts your kill.
The centaur warrior simulacrum hits you.
The centaur warrior simulacrum freezes you!!
* * * LOW HITPOINT WARNING * * *
The centaur warrior simulacrum kicks you.
* * * LOW HITPOINT WARNING * * *
The centaur warrior simulacrum freezes you!!
* * * LOW HITPOINT WARNING * * *
You mangle the centaur warrior simulacrum!!
The centaur warrior simulacrum completely misses you.
The centaur warrior simulacrum kicks you.
* * * LOW HITPOINT WARNING * * *
The centaur warrior simulacrum freezes you!!
You die...
Kikubaaqudgha rasps: "You have failed me!
Welcome... death!"

#..........#
#....#####.#
#....#...'.#
#....#<..#.#
#....#...#.##
#....##+##..#
#####...........#
................#
..##+####@......#
#..c. #Z).....#
......#.......#
..............#
..............#
..#/#.........# #
##........#
.....#.###
##....#.#


You could see a centaur warrior simulacrum.

Vanquished Creatures
  A boulder beetle (D:8)
  Erica (D:9)
  A centaur warrior (D:14)
  4 two-headed ogres
  Amaemon (D:9)
  A cyclops (D:11)
  Maurice (D:9)
  An orange demon (D:9)
  Psyche (D:9)
  A kobold demonologist (D:10)
  An unseen horror (D:8)
  A komodo dragon (D:11)
  A hornet (D:11)
  A slime creature (D:8)
  A shadow (D:11)
  2 wraiths (D:11)
  12 yaks
  A vampire (D:8)
  Grum (D:9)
  4 vampire mosquitoes (D:11)
  3 steam dragons
  Menkaure (D:5)
  4 water moccasins
  3 acid dragons
  3 ice beasts
  10 orc warriors
  A sky beast (D:8)
  A black bear (D:5)
  4 wolves (D:9)
  3 ogres
  3 centaurs
  2 kobold brigands
  3 phantoms (D:5)
  A necrophage (D:5)
  5 bullfrogs
  A scorpion (D:5)
  20 wights
  7 killer bees
  4 centaur zombies (Ossuary)
  3 hounds
  2 jellies
  5 orc priests
  2 gnoll boudas
  2 iguanas
  9 orc wizards
  5 mummies (Ossuary)
  8 gnolls
  7 adders
  2 shadow imps
  A white imp (D:6)
  An ufetubus (D:5)
  A worm (D:5)
  28 orcs
  4 bats (D:2)
  10 endoplasms
  4 giant cockroaches
  8 goblins
  4 hobgoblins
  2 jackals (D:4)
  3 quokkas
  2 ball pythons
  2 frilled lizards
  2 hobgoblin zombies (Ossuary)
  15 kobolds
  A quokka zombie (D:5)
  4 rats
  A rat zombie (D:5)
255 creatures vanquished.

Vanquished Creatures (collateral kills)
  A yak (D:11)
  A centaur (D:10)
  A killer bee (D:11)
  An orc (D:9)
4 creatures vanquished.

Vanquished Creatures (others)
  3 vampire mosquito zombies (D:11)
  A yak zombie (D:11)
  An orc priest (D:7)
  2 killer bee zombies (D:11)
  2 orcs (D:7)
9 creatures vanquished.

Grand Total: 268 creatures vanquished

Notes
Turn   | Place    | Note
-------+----------+-------------------------------------------
     0 | D:1      | CryoSword the Troll Monk began the quest for the Orb.
     0 | D:1      | Reached XP level 1. HP: 22/22 MP: 0/0
    10 | D:1      | Found Gerraf's Jewellery Shoppe.
   300 | D:1      | Reached XP level 2. HP: 29/29 MP: 1/1
   832 | D:2      | Reached skill level 1 in Necromancy
   832 | D:2      | Reached XP level 3. HP: 15/36 MP: 2/2
   885 | D:2      | Reached skill level 4 in Unarmed Combat
   885 | D:2      | Reached XP level 4. HP: 21/44 MP: 3/3
  1159 | D:2      | Found a faded altar of an unknown god.
  1335 | D:3      | Found a transporter.
  1341 | D:3      | Found a transporter.
  1606 | D:3      | Noticed Avanven's ghost (weakling DgAM)
  1988 | D:3      | Reached XP level 5. HP: 47/53 MP: 4/4
  2026 | D:3      | Reached skill level 5 in Unarmed Combat
  2395 | D:4      | Found a staircase to the Ecumenical Temple.
  2401 | Temple   | Entered the Ecumenical Temple
  2583 | D:4      | Reached XP level 6. HP: 61/61 MP: 5/5
  3233 | D:5      | Entered Level 5 of the Dungeon
  3244 | D:5      | Found an ornate altar of the Wu Jian Council.
  3361 | D:5      | Noticed Menkaure
  3365 | D:5      | Killed Menkaure
  3366 | D:5      | Reached skill level 6 in Unarmed Combat
  3366 | D:5      | Reached XP level 7. HP: 54/68 MP: 6/6
  3366 | D:5      | Found a sand-covered staircase.
  3387 | Ossuary  | Entered an ossuary
  3617 | D:5      | Reached skill level 7 in Unarmed Combat
  3697 | D:5      | Found a stormy altar of Qazlal.
  3717 | D:5      | Reached XP level 8. HP: 59/79 MP: 7/7
  3909 | D:5      | Found the +4 Cigotuvi's embrace {rMiasma Drain rN+}
  3933 | D:5      | Reached skill level 8 in Unarmed Combat
  4152 | D:6      | Reached skill level 5 in Fighting
  4442 | D:6      | Noticed a two-headed ogre
  4453 | D:6      | Killed a two-headed ogre
  4454 | D:6      | Reached skill level 9 in Unarmed Combat
  4454 | D:6      | Reached skill level 5 in Necromancy
  4454 | D:6      | Reached XP level 9. HP: 39/89 MP: 8/8
  4736 | D:7      | Reached skill level 10 in Unarmed Combat
  4918 | D:7      | Found a runed translucent gate.
  4918 | D:7      | Found a runed translucent gate.
  4919 | D:7      | Found a runed translucent gate.
  4919 | D:7      | Noticed itabs500's ghost (novice FeEE)
  5457 | D:8      | Noticed a two-headed ogre
  5524 | D:7      | Killed a two-headed ogre
  5525 | D:7      | Reached XP level 10. HP: 82/100 MP: 9/9
  5629 | D:8      | Reached skill level 11 in Unarmed Combat
  5711 | D:8      | Noticed a two-headed ogre
  5717 | D:8      | Killed a two-headed ogre
  5728 | D:8      | Noticed a two-headed ogre
  6287 | D:8      | Found a staircase to the Lair.
  6307 | D:8      | Found an ancient bone altar of Kikubaaqudgha.
  6307 | D:8      | Found a white marble altar of Elyvilon.
  6315 | D:8      | Found a faded altar of an unknown god.
  6317 | D:8      | Found a sparkling altar of Nemelex Xobeh.
  6325 | D:8      | Became a worshipper of Kikubaaqudgha
  6325 | D:8      | Reached * piety under Kikubaaqudgha
  6325 | D:8      | Received a gift from Kikubaaqudgha
  6325 | D:8      | Reached ** piety under Kikubaaqudgha
  6354 | D:8      | Found a burning altar of Makhleb.
  6585 | D:8      | Reached skill level 5 in Dodging
  6585 | D:8      | Reached skill level 12 in Unarmed Combat
  6653 | D:8      | Noticed a boulder beetle
  6663 | D:8      | Killed a boulder beetle
  6964 | D:8      | Reached XP level 11. HP: 97/109 MP: 11/11
  7024 | D:9      | Noticed Maurice
  7033 | D:9      | Killed Maurice
  7034 | D:9      | Reached skill level 1 in Spellcasting
  7061 | D:8      | Learned a level 1 spell: Necrotise
  7065 | D:8      | Learned a level 3 spell: Vampiric Draining
  7070 | D:8      | Learned a level 4 spell: Animate Dead
  7270 | D:9      | Noticed Erica
  7278 | D:9      | Killed Erica
  7381 | D:8      | Killed a two-headed ogre
  7424 | D:9      | Found Igeots's Assorted Antiques.
  7430 | D:9      | Bought a purple potion for 23 gold pieces
  7430 | D:9      | Bought a scroll labelled FYSE JITWANURO for 26 gold pieces
  7430 | D:9      | Bought a scroll labelled ZATUQ PAESERIE for 26 gold pieces
  7473 | D:9      | Found a staircase to the Orcish Mines.
  7473 | D:9      | Found Mamaleph's Armour Shoppe.
  7555 | D:9      | Noticed Amaemon
  7562 | D:9      | Noticed Grum
  7788 | D:9      | Found a shimmering altar of Xom.
  7918 | D:9      | Killed Amaemon
  7934 | D:9      | Reached skill level 1 in Armour
  8011 | D:9      | Noticed Psyche
  8098 | D:9      | Killed Psyche
  8136 | D:9      | Killed Grum
  8138 | D:9      | Reached *** piety under Kikubaaqudgha
  8138 | D:9      | Received a gift from Kikubaaqudgha
  8146 | D:9      | Learned a level 4 spell: Dispel Undead
  8340 | D:10     | Entered Level 10 of the Dungeon
  8352 | D:10     | Reached skill level 13 in Unarmed Combat
  9427 | D:11     | Reached XP level 12. HP: 104/120 MP: 7/14
  9509 | D:11     | Paralysed by a hornet for 2 turns
  9616 | D:11     | Found a radiant altar of Vehumet.
  9746 | D:11     | You fall into a shaft and drop 3 floors!
  9764 | D:14     | Noticed a centaur warrior
  9783 | D:14     | Killed a centaur warrior
  9784 | D:14     | Slain by a centaur warrior simulacrum

Illustrated notes

Levels and vault maps discovered:
D:1:      nicolae_arrival_memento_mori, layout_loops_cross, serial_shops,
          nicolae_shop_advertising_works [nicolae_subvault_shop_adworks]
D:2:      layout_loops_ring, hellmonk_ecumenical_altar_leap_of_faith
D:3:      layout_loops_ring, gammafunk_ghost_stat_death
D:4:      layout_basic, minmay_temple_entry_fiery, minmay_misc_feat_tower,
          kennysheep_boxes
D:5:      minmay_clustersquares, layout_rooms,
          mainiacjoe_overflow_concentric_impassable,
          mainiacjoe_overflow_tiny_flanked, enter_ossuary_4, uniq_menkaure
D:6:      layout_rooms
D:7:      layout_basic, gammafunk_ghost_nasty_kobolds
D:8:      minmay_imperfect_grid, layout_basic,
          chequers_temple_overflow_minitemple, minmay_unpleasant_kobolds
D:9:      layout_basic, tgw_xom, orc_david_3, serial_shops, shop, uniq_amaemon,
          uniq_erica, uniq_grum, uniq_psyche, uniq_maurice
D:10:     layout_irregular_city
D:11:     layout_basic, minmay_misc_feat_diagonals,
          nicolae_concentric_dashed_squares_wild, dk_noncrumbling_4,
          fiery_altar_vehumet
D:14:     layout_irregular_city, erik_vaults_1, skrybe_limestone_x,
          minivault_16, makhleb_altar_promises_db
Temple:   nicolae_temple_superstar

Skill      XL: |  1  2  3  4  5  6  7  8  9 10 11 |
---------------+----------------------------------+-----
Necromancy     | 1 2 3 5 6 |  6.4
Unarmed Combat | 4 5 6 7 9 10 12 13 | 13.7
Fighting       | 3 4 5 6 7 8 |  8.3
Dodging        | 4 5 6 |  6.4
Spellcasting   | 2 |  2.0
Armour         | 2 |  2.7
Stealth        | |  1.0

Action                   |  1- 3 |  4- 6 |  7- 9 | 10-12 || total
-------------------------+-------+-------+-------+-------++-------
Melee: Unarmed           |    83 |   132 |   266 |   404 ||   885
       Punch             |     1 |     2 |    12 |    29 ||    44
Throw: Dart              |       |       |     1 |    12 ||    13
       Throwing net      |       |       |       |     1 ||     1
 Cast: Necrotise         |       |       |       |    23 ||    23
       Vampiric Draining |       |       |       |     9 ||     9
       Animate Dead      |       |       |       |     3 ||     3
       Dispel Undead     |       |       |       |     1 ||     1
  Use: Scroll            |       |     5 |     8 |     5 ||    18
       Potion            |       |       |     1 |     1 ||     2
 Stab: Sleeping          |     1 |     6 |     1 |     3 ||    11
       Held in net/web   |       |       |       |     1 ||     1
Armor: Robe              |    32 |    40 |   125 |    63 ||   260
       Steam dragon scal |       |       |       |   107 ||   107
Dodge: Dodged            |    48 |    57 |   142 |   230 ||   477
